 Dungeon Crawl Stone Soup version 0.30-a0-364-gf6b3ef1049 (webtiles) character file.

Game seed: 4004787802578796261

128 ragingrage the Slasher (level 5, -6/41 HPs)
             Began as a Merfolk Chaos Knight on Nov 15, 2022.
             Was a Plaything of Xom.
             Splashed by a jelly's acid (12 damage)
             ... on level 2 of the Dungeon.
             The game lasted 00:01:42 (1553 turns).

ragingrage the Slasher (Merfolk Chaos Knight)       Turns: 1553, Time: 00:01:42

Health: -6/41      AC:  2    Str: 13    XL:     5   Next: 12%
Magic:  5/5        EV: 11    Int: 11    God:    Xom [...*..]
Gold:   95         SH:  3    Dex: 15    Spells: 4/4 levels left

rFire   . . .      SeeInvis .    a - +0 falchion (chaos)
rCold   . . .      Faith    .    n - +0 buckler
rNeg    . . .      Spirit   .    b - +2 leather armour
rPois   .          Reflect  .    i - +0 helmet
rElec   .          Harm     .    (no cloak)
rCorr   .          Rampage  .    (no gloves)
Will    .....                    (no boots)
Stlth   +.........               (no amulet)
HPRegen 0.26/turn                h - +4 ring of protection
MPRegen 0.09/turn                (no ring)

@: corroded
A: (nimble swimmer 2), mertail
a: Renounce Religion


You were on level 2 of the Dungeon.
You worshipped Xom.
You were a favourite toy of Xom.
You visited 1 branch of the dungeon, and saw 2 of its levels.

You collected 95 gold pieces.

Inventory:

Hand Weapons
 a - a +0 falchion of chaos (weapon)
Armour
 b - a +2 leather armour (worn)
 i - a +0 helmet (worn)
 k - a +0 robe of fire resistance
 n - a +0 buckler (worn)
Jewellery
 h - a +4 ring of protection (left hand)
Wands
 j - a wand of polymorph (9)
 o - a wand of paralysis (7)
Scrolls
 e - 2 scrolls of identify {unknown}
 f - 3 scrolls of immolation {unknown}
 g - 2 scrolls of vulnerability {unknown}
 l - a scroll of amnesia {unknown}
 m - a scroll of teleportation {unknown}
 p - a scroll of magic mapping {unknown}
 q - a scroll of blinking {unknown}
Potions
 d - a potion of might {unknown}
 r - a potion of mutation {unknown}
Miscellaneous
 c - a piece from Xom's chessboard (15/15) (quivered)


   Skills:
 - Level 3.2 Fighting
 + Level 6.8 Long Blades
 - Level 0.6 Armour
 - Level 2.6 Dodging


You had 4 spell levels left.
You didn't know any spells.
Your spell library contained the following spells:

 Spells                   Type           Power      Damage    Failure   Level
 Dazzling Flash           Conj/Hex       0%         N/A       88%         3
 Agony                    Necr           0%         N/A       100%        5
 Silence                  Hex/Air        0%         N/A       100%        5


Dungeon Overview and Level Annotations

Branches:
Dungeon (2/15)

Altars:
Zin
Jiyva

Shops:
D:1 *

Annotations:
D:1 2 runed translucent doors


Innate Abilities, Weirdness & Mutations

((You are very nimble when in or above water. (Stealth+, EV+, Speed+++)))
Your lower body shifts to a powerful aquatic tail in water.


Message History

The jelly hits you but does no damage.
You slash the jelly!
You kill the jelly!
You have reached level 5!
You feel stronger.
You hit the endoplasm.
Lightning courses through the endoplasm!
You kill the endoplasm!
You hit the endoplasm.
The endoplasm is heavily wounded.
You block the endoplasm's attack.
You slash the endoplasm!
You kill the endoplasm!
You hit the endoplasm.
Space warps around the endoplasm.
The endoplasm is almost dead.
You block the endoplasm's attack.
You hit the endoplasm. You freeze the endoplasm.
You kill the endoplasm!
You hit the jelly.
The jelly seems to speed up.
Xom is highly amused!
Your hands burn!
The jelly is moderately wounded.
The jelly hits you. The acid corrodes you!
You are splashed with acid!
The jelly closely misses you.
You slash the jelly!
Your hands burn!
* * * LOW HITPOINT WARNING * * *
The jelly is severely wounded.
The jelly misses you.
You hit the jelly.
Your hands burn!
* * * LOW HITPOINT WARNING * * *
The jelly is almost dead.
The jelly hits you but does no damage. The jelly barely misses you.
You hit the jelly but do no damage. The acid corrodes you!
Your hands burn!
* * * LOW HITPOINT WARNING * * *
The jelly is almost dead.
The jelly hits you.
* * * LOW HITPOINT WARNING * * *
You are splashed with acid!
You die...
Xom roars with laughter!

Z.....# ##.## ###.### #.# #.).#
#.### #Z######### #...######
#......... ###....... #..##..###
########..#####
#.....############.....÷###.## #
#..##.###......##JJ...÷P# ##.##
# #..#))##.......#@#J...÷.#
##.### #...#.+........#)#.÷....#
##..) #..#..+........#.#JJ...÷#
##.### #..##.+......#'#.#.P.PPP#
##.##
...##.##.....#.#.#J...÷.###.##
#..######....#.#.#.PPP..##.###..
#.....#########.##...J.$##.# #.#
##.#Z..########## #.# #.#
.#.#.......#.########## #Z###.#


You could see 2 jellies.

Vanquished Creatures
  A jelly (D:2)
  Jessica (D:2)
  Robin (D:2)
  A gnoll (D:1)
  3 bats
  9 endoplasms
  A giant cockroach (D:2)
  6 goblins
  3 hobgoblins (D:2)
  2 jackals (D:1)
  13 kobolds
  A quokka (D:1)
  4 ball pythons (D:1)
  A frilled lizard (D:1)
  2 rats
49 creatures vanquished.

Vanquished Creatures (others)
  A kobold zombie (D:2)
  A fungus (D:2)
  9 toadstools (D:2)
11 creatures vanquished.

Grand Total: 60 creatures vanquished

Notes
Turn   | Place    | Note
-------+----------+-------------------------------------------
     0 | D:1      | ragingrage the Merfolk Chaos Knight began the quest for the
                  | Orb.
     0 | D:1      | Reached XP level 1. HP: 18/18 MP: 1/1
    36 | D:1      | Found a large runed translucent door.
    36 | D:1      | Found a large runed translucent door.
    67 | D:1      | Noticed a jelly
    68 | D:1      | Noticed a jelly
    68 | D:1      | Noticed a jelly
    68 | D:1      | Noticed a jelly
    70 | D:1      | Found a viscous altar of Jiyva.
    70 | D:1      | Noticed a jelly
    72 | D:1      | Noticed a jelly
   102 | D:1      | Reached skill level 4 in Long Blades
   223 | D:1      | Reached XP level 2. HP: 24/24 MP: 2/2
   271 | D:1      | Found Fuzaomn's Assorted Antiques.
   513 | D:1      | Reached skill level 5 in Long Blades
   513 | D:1      | Reached XP level 3. HP: 29/29 MP: 3/3
   815 | D:1      | XOM: cloud trail
   917 | D:2      | Found a glowing silver altar of Zin.
   929 | D:2      | XOM is BORED!
   929 | D:2      | XOM: 4-stop teleportation journey
   943 | D:2      | Noticed Robin
   954 | D:2      | Killed Robin
  1024 | D:2      | Noticed Jessica
  1030 | D:2      | Killed Jessica
  1031 | D:2      | Reached skill level 6 in Long Blades
  1031 | D:2      | Reached XP level 4. HP: 34/35 MP: 4/4
  1153 | D:2      | XOM: smoke on damage
  1508 | D:2      | XOM: scenery: 1 doors open, 3 doors close
  1545 | D:2      | Reached XP level 5. HP: 28/41 MP: 5/5
  1553 | D:2      | Splashed by a jelly's acid

Illustrated notes

Levels and vault maps discovered:
D:1:      erik_arrival_cave_to_civilisation [erik_arrival_cave_to_temple],
          layout_loops_ring, serial_shops, shop_fountains
D:2:      cheibrodos_fertilizer, layout_loops_ring, basic_altar, uniq_robin,
          uniq_jessica

Skill      XL: |  1  2  3 |
---------------+----------+-----
Long Blades    | 4 5 6 |  6.8
Fighting       | |  3.2
Armour         | |  0.6
Dodging        | |  2.6

Action                   |  1- 3 |  4- 6 || total
-------------------------+-------+-------++-------
Melee: Falchion          |    72 |    46 ||   118
 Stab: Sleeping          |       |     1 ||     1
Armor: Leather armour    |    28 |    22 ||    50
Dodge: Dodged            |    44 |    12 ||    56
Block: Buckler           |       |     5 ||     5

Table legend: (Time is in decaauts)
 A = Elapsed time spent in this place.
 B = Non-inter-level travel time spent in this place.
 C = Inter-level travel time spent in this place.
 D = Time resting spent in this place.
 E = Time spent auto-exploring this place.
 F = Levels seen in this place.
 G = Mean time per level.
                   A        B        C        D        E       F      G
               +--------+--------+--------+--------+--------+-----+--------+
         Total |   1557 |   1477 |     80 |     16 |   1165 |   2 |  778.5 |
       Dungeon |   1557 |   1477 |     80 |     16 |   1165 |   2 |  778.5 |
               +--------+--------+--------+--------+--------+-----+--------+

Top non-repeatable levels by time:
     D:1: 901 daAuts
     D:2: 656 daAuts
